 Dungeon Crawl Stone Soup version 0.31.0-11-ge490571c62 (webtiles) character file.

Game seed: 8048841974139196983

3532 Fodor the Protected (level 9, -1/79 HPs)
             Began as a Minotaur Fighter on Feb 6, 2024.
             Was an Initiate of Gozag.
             Constricted to death by Erica (2 damage)
             ... on level 8 of the Dungeon.
             The game lasted 00:35:01 (6525 turns).

Fodor the Protected (Minotaur Fighter)              Turns: 6525, Time: 00:35:02

Health: -1/79      AC: 21    Str: 26    XL:     9   Next: 82%
Magic:  8/8        EV: 10    Int:  5    God:    Gozag
Gold:   516        SH:  5    Dex:  9    Spells: 8/8 levels left

rFire   . . .        b - +2 flail (heavy)
rCold   + . .        c - +0 buckler
rNeg    . . .        y - +2 plate armour {rC+}
rPois   .            A - +2 hat
rElec   .            B - +0 cloak
rCorr   .            k - +0 pair of gloves
SInv    .            (no boots)
Will    .....        (no amulet) Stlth
                     j - +5 ring of evasion
HPRegen 0.33/turn    x - ring of flight
MPRegen 0.11/turn

%: no passive effects
@: flying, constricted
A: horns 2, retaliatory headbutt
a: Renounce Religion, Potion Petition, Call Merchant, Bribe Branch


You were on level 8 of the Dungeon.
You worshipped Gozag.
Gozag was pleased with you.
You visited 2 branches of the dungeon, and saw 9 of its levels.
You also visited: Sewer.

You collected 614 gold pieces.
You paid 98 gold pieces to Gozag.

Inventory:

Hand Weapons
 a - a +0 war axe
 b - a +2 heavy flail (weapon)
 r - a +0 orcbow
Armour
 c - a +0 buckler (worn)
 k - a +0 pair of gloves (worn)
 y - a +2 plate armour of cold resistance (worn)
 A - a +2 hat (worn)
 B - a +0 cloak (worn)
Jewellery
 j - a +5 ring of evasion (left hand)
 x - a ring of flight (right hand)
Wands
 p - a wand of roots (4)
 q - a wand of charming (5)
Scrolls
 f - 6 scrolls of teleportation
 g - a scroll of enchant weapon
 h - a scroll of fear
 i - 3 scrolls of poison
 m - a scroll of amnesia {unknown}
 t - 4 scrolls of fog
 u - a scroll of identify
 C - a scroll of vulnerability
 F - a scroll of torment
 I - a scroll of acquirement
Potions
 d - 2 potions of might
 e - a potion of resistance {unknown}
 l - a potion of brilliance {unknown}
 n - a potion of cancellation
 o - 2 potions of berserk rage
 s - 3 potions of attraction {unknown}
 v - 2 potions of heal wounds {unknown}
 w - a potion of haste {unknown}
 z - 2 potions of mutation {unknown}
 D - 3 potions of curing {unknown}
 E - 2 potions of enlightenment {unknown}
 H - a potion of magic {unknown}


   Skills:
 + Level 7.1 Fighting
 + Level 8.4(9.8) Axes
 + Level 7.6(9.4) Maces & Flails
 + Level 9.2 Armour
 + Level 3.0 Dodging
 + Level 0.7 Stealth
 + Level 6.9 Shields
 + Level 0.2 Evocations


You had 8 spell levels left.
You didn't know any spells.
Your spell library contained the following spells:

 Spells                   Type           Power      Damage    Failure   Level
 Cigotuvi's Dreadful Rot  Necr/Alch/Air  0%         N/A       100%        2
 Dispel Undead            Necr           0%         3d6       100%        4
 Martyr's Knell           Necr/Summ      0%         N/A       100%        4
 Death Channel            Necr           0%         N/A       100%        6


Dungeon Overview and Level Annotations

Branches:
Dungeon (8/15)             Temple (1/1) D:7           Sewer (visited)
   Lair: D:8-11

Altars:
Ashenzari
Dithmenos
Elyvilon
Fedhas
Gozag
Hepliaklqana
Kikubaaqudgha
Makhleb
Nemelex Xobeh
Okawaru
Qazlal
Sif Muna
Trog
Uskayaw
Vehumet
Wu Jian
Xom
Zin
The Shining One

Annotations:
D:8 Erica


Innate Abilities, Weirdness & Mutations

You have a pair of horns on your head.
You reflexively headbutt those who attack you in melee.


Message History

You sock something! Something hits you. Something burns you.
You are constricted.
You hear some strange, mumbled words.
A bolt of poison appears from out of thin air!
The bolt of poison misses you.
You are constricted.
You miss something. Your headbutt misses something. Something hits you.
Something burns you.
You are constricted.
Something hits you but does no damage.
You are constricted.
You miss something. Your headbutt misses something.
Something hits you but does no damage.
You are constricted.
You hear some strange, mumbled words.
Something tries to affect you, but you resist.
You are constricted.
You sock something! Something hits you. Something burns you.
You are constricted.
Something hits you! Something burns you.
* * * LOW HITPOINT WARNING * * *
You are constricted.
You hit something. Something hits you but does no damage.
You are constricted.
Something hits you but does no damage.
You are constricted.
As you read the scroll of teleportation, it crumbles to dust.
You feel strangely unstable. You block something's attack.
You are constricted.
* * * LOW HITPOINT WARNING * * *
Something hits you!
* * * LOW HITPOINT WARNING * * *
Something burns you.
* * * LOW HITPOINT WARNING * * *
You are constricted.
* * * LOW HITPOINT WARNING * * *
It was a potion of cancellation.
You feel strangely stable.
Your magical effects are unravelling.
You feel magically purged.
You feel yourself speed up. Something hits you.
* * * LOW HITPOINT WARNING * * *
Something burns you.
* * * LOW HITPOINT WARNING * * *
You are constricted.
You die...
Your body crumbles into a pile of gold.

#.. #.# #.# #.#
#.# #.# # #{# #.#
#@# #.#.. #.# #.#
#.... #.# #.#
..... #.# #.#
##### #.#
#.#.###..
#.########.#.....)
#........#.#####.#
########.#........
#.........#


There were no monsters in sight!

Vanquished Creatures
  Jeremiah (D:7)
  Eustachio (D:5)
  A steam dragon (D:8)
  Edmund (D:5)
  2 water moccasins
  Duvessa (D:7)
  4 orc warriors
  A sky beast (D:7)
  2 ice beasts
  A crocodile (Sewer)
  3 ogres
  2 phantoms
  A brain worm (Sewer)
  A gnoll sergeant (D:6)
  2 scorpions
  Dowan (D:7)
  4 killer bees (D:8)
  An electric eel (D:6)
  2 howler monkeys (D:7)
  2 bombardier beetles
  A jelly (D:8)
  2 hounds (D:5)
  5 orc priests
  3 sleepcaps
  2 iguanas (D:6)
  4 orc wizards
  Robin (D:3)
  9 gnolls
  6 adders
  A shadow imp (D:6)
  2 ufetubi (D:6)
  A ribbon worm (D:3)
  19 orcs
  2 ball pythons
  10 bats
  8 endoplasms
  7 giant cockroaches
  18 goblins
  12 hobgoblins
  4 jackals (D:2)
  6 kobolds
  3 quokkas (D:1)
  3 frilled lizards
  2 rats
165 creatures vanquished.

Vanquished Creatures (others)
  An arcanist (D:3)
1 creature vanquished.

Grand Total: 166 creatures vanquished

Notes
Turn   | Place    | Note
-------+----------+-------------------------------------------
     0 | D:1      | Fodor the Minotaur Fighter began the quest for the Orb.
     0 | D:1      | Reached XP level 1. HP: 19/19 MP: 0/0
   170 | D:1      | Reached XP level 2. HP: 25/27 MP: 1/1
   313 | D:1      | Found a faded altar of an unknown god.
   745 | D:2      | Reached XP level 3. HP: 33/33 MP: 2/2
   901 | D:2      | Noticed a scorpion
   911 | D:2      | Killed a scorpion
   912 | D:2      | Reached skill level 4 in Armour
   912 | D:2      | Reached XP level 4. HP: 18/40 MP: 3/3
  1027 | D:2      | You fall into a shaft and drop 1 floor!
  1308 | D:2      | Reached skill level 1 in Dodging
  1368 | D:2      | Reached XP level 5. HP: 33/46 MP: 4/4
  2016 | D:3      | Noticed Robin
  2040 | D:3      | Killed Robin
  2433 | D:3      | Found a bloodstained altar of Trog.
  2435 | D:3      | Noticed a wizard
  2440 | D:3      | Killed a wizard
  2523 | D:4      | Found a glowing drain.
  2539 | Sewer    | Entered a sewer
  2563 | Sewer    | Reached skill level 5 in Axes
  2563 | Sewer    | Reached skill level 5 in Armour
  2563 | Sewer    | Reached XP level 6. HP: 53/53 MP: 5/5
  2834 | D:4      | Reached XP level 7. HP: 34/60 MP: 6/6
  2888 | D:4      | Found a white marble altar of Elyvilon.
  2932 | D:4      | Reached skill level 5 in Shields
  3096 | D:5      | Entered Level 5 of the Dungeon
  3096 | D:5      | Noticed Edmund
  3103 | D:5      | Killed Edmund
  3104 | D:5      | Reached skill level 5 in Fighting
  3128 | D:5      | Noticed Eustachio
  3140 | D:5      | Killed Eustachio
  3141 | D:5      | Reached skill level 6 in Armour
  3257 | D:5      | Reached XP level 8. HP: 68/68 MP: 7/7
  3330 | D:5      | Reached skill level 1 in Maces & Flails
  4144 | D:6      | Reached skill level 7 in Armour
  4147 | D:6      | Found a glowing golden altar of the Shining One.
  4681 | D:7      | Found a staircase to the Ecumenical Temple.
  4701 | Temple   | Entered the Ecumenical Temple
  4747 | Temple   | Became a worshipper of Gozag Ym Sagoz the Greedy
  4807 | D:7      | Reached XP level 9. HP: 62/75 MP: 8/8
  4814 | D:7      | Noticed Dowan
  4815 | D:7      | Noticed Duvessa
  4822 | D:7      | Noticed Jeremiah
  4824 | D:7      | Killed Dowan
  4825 | D:7      | Reached skill level 5 in Maces & Flails
  4827 | D:7      | Killed Duvessa
  4947 | D:8      | Reached skill level 8 in Armour
  5147 | D:7      | Killed Jeremiah
  6202 | D:8      | Reached skill level 9 in Armour
  6330 | D:8      | Identified a scroll of acquirement
  6511 | D:8      | Noticed Erica
  6525 | D:8      | HP: 3/79 [something (4)]
  6525 | D:8      | HP: 1/79 [something (2)]
  6525 | D:8      | Constricted to death by Erica

Illustrated notes

Levels and vault maps discovered:
D:1:      heliophobic_arrival_enchanted_forest, layout_basic,
          shapermc_ecumenical_altar_venn
D:2:      layout_loops_ring, minmay_strange_pillars,
          chequers_serial_rivers_micro_a
D:3:      layout_basic, trog_wizard, uniq_robin
D:4:      layout_cave_pools, kennysheep_little_box,
          cheibrodos_sewer_entry_drain, kennysheep_generic_room_8
D:5:      layout_rooms, uniq_edmund, uniq_eustachio
D:6:      cheibrodos_helix_gallery, layout_loops_ring,
          nicolae_tso_carved_into_rock, kennysheep_generic_room_5
D:7:      layout_basic, minmay_temple_entry_trees, uniq_jeremiah, uniq_duvessa
D:8:      layout_basic, chequers_jeans, uniq_erica
Temple:   eino_temple_rhombus

Skill      XL: |  1  2  3  4  5  6  7  8  9 |
---------------+----------------------------+-----
Shields        | 4 5 6 |  6.9
Axes           | 3 4 5 6 7 8 |  8.4
Fighting       | 4 5 7 |  7.1
Armour         | 4 5 6 7 9 |  9.2
Dodging        | 1 2 3 |  3.0
Maces & Flails | 4 7 |  7.6
Stealth        | |  0.7
Evocations     | |  0.2

Action                     |  1- 3 |  4- 6 |  7- 9 || total
---------------------------+-------+-------+-------++-------
  Melee: War axe           |    71 |   102 |    26 ||   199
         Headbutt          |     6 |    10 |    37 ||    53
         Flail             |       |       |   198 ||   198
  Evoke: Wand              |       |       |     2 ||     2
    Use: Scroll            |       |       |    11 ||    11
         Potion            |       |       |     1 ||     1
 Armour: Scale mail        |    54 |    63 |       ||   117
         Chain mail        |       |       |   203 ||   203
         Plate armour      |       |       |    21 ||    21
  Dodge: Dodged            |    36 |    77 |   212 ||   325
  Block: Buckler           |    23 |    19 |    81 ||   123
